| TOP OF THE 1ST |
|
Peoria Chiefs batting - Pitching for Hartford Yard Goats : LHP Bill Hussey
|
|
Pitching: LHP Bill Hussey
|
|
|
Batting: RHB Chris Rouleau
|
0-0: Called Strike 0-1: Ball 1-1: Ground out 6-3 (Groundball, 6, EV 83.8 MPH)
|
|
Batting: RHB Tommy Tracy
|
0-0: Called Strike 0-1: Foul Ball, location: 2F 0-2: Ground out 5-3 (Groundball, 56S, EV 82.5 MPH)
|
|
Batting: RHB Bobby Miles
|
0-0: Called Strike 0-1: Called Strike 0-2: Foul Ball, location: 2F 0-2: Ball 1-2: Fly out, F8 (Flyball, 89S, EV 91.9 MPH)
|
| Top of the 1st over - 0 runs, 0 hits, 0 errors, 0 left on base; Peoria 0 - Hartford 0 |
| BOTTOM OF THE 1ST |
|
Hartford Yard Goats batting - Pitching for Peoria Chiefs : RHP Arnaldo Cardamenho
|
|
Pitching: RHP Arnaldo Cardamenho
|
|
|
Batting: RHB Ray Insley
|
0-0: Ball 1-0: Ball 2-0: Foul Ball, location: 2F 2-1: Reached on error, E5 (Groundball, 56S, EV 87.5 MPH)
|
|
Batting: RHB Doug D'Onofrio
|
0-0: Called Strike 0-1: Ball 1-1: Grounds into double play, 5-4-3 (Groundball, 56S, EV 90.6 MPH)
|
|
Batting: LHB Harry Folsom
|
0-0: Ball 1-0: Ground out 5-3 (Groundball, 56, EV 78.8 MPH)
|
| Bottom of the 1st over - 0 runs, 0 hits, 1 error, 0 left on base; Peoria 0 - Hartford 0 |
| TOP OF THE 2ND |
|
Peoria Chiefs batting - Pitching for Hartford Yard Goats : LHP Bill Hussey
|
|
Batting: RHB Sam Daw
|
0-0: Called Strike 0-1: Foul Ball, location: 2F 0-2: TRIPLE (Flyball, 78XD, EV 103.1 MPH)
|
|
Batting: RHB Robby Hickman
|
0-0: Called Strike 0-1: Fly out, F9 (Flyball, 9S, EV 81.9 MPH)
|
|
Batting: RHB Tim Jobe
|
0-0: DOUBLE (Line Drive, 5D, EV 99.4 MPH) Sam Daw scores
|
|
Batting: RHB Roberto Ruiz
|
0-0: Ball 1-0: Ball 2-0: Ball 3-0: Base on Balls
|
|
Batting: RHB Edgar Landim
|
0-0: Ball 1-0: Ball 2-0: Ball 3-0: Called Strike 3-1: Foul Ball, location: 2F 3-2: Base on Balls Tim Jobe to third Roberto Ruiz to second
|
|
Batting: RHB Kyle Burns
|
0-0: Ball 1-0: Ground out 6-3 (Groundball, 6D, EV 103.1 MPH) Tim Jobe scores Roberto Ruiz to third Edgar Landim to second
|
|
Batting: RHB Chris Rouleau
|
0-0: Called Strike 0-1: Foul Ball, location: 2F 0-2: SINGLE (Groundball, 56S, EV 69.4 MPH) (infield hit) Roberto Ruiz scores Edgar Landim to third
|
|
Batting: RHB Tommy Tracy
|
0-0: Fly out, F6 (Line Drive, 6, EV 66.9 MPH)
|
| Top of the 2nd over - 3 runs, 3 hits, 0 errors, 2 left on base; Peoria 3 - Hartford 0 |
| BOTTOM OF THE 2ND |
|
Hartford Yard Goats batting - Pitching for Peoria Chiefs : RHP Arnaldo Cardamenho
|
|
Batting: LHB Jason Ryan
|
0-0: Foul Ball, location: 2F 0-1: Ball 1-1: Ball 2-1: Foul Ball, location: 2F 2-2: Strikes out swinging
|
|
Batting: SHB Brad Madden
|
0-0: DOUBLE (Line Drive, 9LS, EV 96.9 MPH)
|
|
Batting: RHB Manny Thompson
|
0-0: Called Strike 0-1: Swinging Strike 0-2: Strikes out swinging
|
|
Batting: RHB Josh Lofgreen
|
0-0: Called Strike 0-1: Ground out 5-3 (Groundball, 5S, EV 65.0 MPH)
|
| Bottom of the 2nd over - 0 runs, 1 hit, 0 errors, 1 left on base; Peoria 3 - Hartford 0 |
| TOP OF THE 3RD |
|
Peoria Chiefs batting - Pitching for Hartford Yard Goats : LHP Bill Hussey
|
|
Batting: RHB Bobby Miles
|
0-0: Called Strike 0-1: SOLO HOME RUN (Line Drive, 7D, EV 104.4 MPH), Distance : 413 ft
|
|
Batting: RHB Sam Daw
|
0-0: Ball 1-0: Ball 2-0: Ball 3-0: Base on Balls
|
|
Batting: RHB Robby Hickman
|
0-0: Called Strike 0-1: Ball 1-1: Foul Ball, location: 2F 1-2: Foul Ball, location: 2F 1-2: Fly out, F9 (Flyball, 9D, EV 99.4 MPH)
|
|
Batting: RHB Tim Jobe
|
0-0: Called Strike 0-1: Called Strike 0-2: Foul Ball, location: 2F 0-2: Ball 1-2: Ball 2-2: Ball 3-2: Fly out, F7 (Flyball, 78M, EV 80.0 MPH)
|
|
Batting: RHB Roberto Ruiz
|
0-0: Ball 1-0: Foul Ball, location: 2F 1-1: Ball 2-1: Ball 3-1: Base on Balls Sam Daw to second
|
|
Batting: RHB Edgar Landim
|
0-0: Ball 1-0: Swinging Strike 1-1: Called Strike 1-2: Ball 2-2: Ball 3-2: Foul Ball, location: 2F 3-2: Base on Balls Sam Daw to third Roberto Ruiz to second
|
|
Batting: RHB Kyle Burns
|
0-0: Ball 1-0: Ball 2-0: Called Strike 2-1: SINGLE (Line Drive, 78S, EV 95.0 MPH) Sam Daw scores Roberto Ruiz to third Edgar Landim to second Runner from 3rd tries for Home, SAFE, throw by CF to home
|
|
Pitching: RHP Jerry Dunne
|
|
|
Batting: RHB Chris Rouleau
|
0-0: Ball 1-0: Foul Ball, location: 2F 1-1: Fly out, F8 (Flyball, 78M, EV 77.5 MPH)
|
| Top of the 3rd over - 3 runs, 2 hits, 0 errors, 2 left on base; Peoria 6 - Hartford 0 |
| BOTTOM OF THE 3RD |
|
Hartford Yard Goats batting - Pitching for Peoria Chiefs : RHP Arnaldo Cardamenho
|
|
Batting: RHB Carlos de Jesus
|
0-0: Foul Ball, location: 2F 0-1: Called Strike 0-2: Ball 1-2: Foul Ball, location: 2F 1-2: Ball 2-2: Ball 3-2: Foul Ball, location: 2F 3-2: Foul Ball, location: 2F 3-2: Foul Ball, location: 2F 3-2: Foul Ball, location: 2F 3-2: Ground out 3-1 (Groundball, 34, EV 100.0 MPH)
|
|
Batting: RHB Willie Benito
|
0-0: Ball 1-0: Swinging Strike 1-1: Swinging Strike 1-2: Strikes out looking
|
|
Batting: RHB Ray Insley
|
0-0: Called Strike 0-1: Ball 1-1: Swinging Strike 1-2: Ball 2-2: Ball 3-2: Base on Balls
|
|
Batting: RHB Doug D'Onofrio
|
0-0: Ball 1-0: Called Strike 1-1: Foul Ball, location: 2F 1-2: Strikes out looking
|
| Bottom of the 3rd over - 0 runs, 0 hits, 0 errors, 1 left on base; Peoria 6 - Hartford 0 |
| TOP OF THE 4TH |
|
Peoria Chiefs batting - Pitching for Hartford Yard Goats : RHP Jerry Dunne
|
|
Batting: RHB Tommy Tracy
|
0-0: Ball 1-0: Foul Ball, location: 2F 1-1: Ball 2-1: Fly out, F5 (Line Drive, 5L, EV 70.0 MPH)
|
|
Batting: RHB Bobby Miles
|
0-0: Called Strike 0-1: Fly out, F7 (Flyball, 7, EV 91.9 MPH)
|
|
Batting: RHB Sam Daw
|
0-0: Swinging Strike 0-1: SINGLE (Line Drive, 4D, EV 100.0 MPH)
|
|
Batting: RHB Robby Hickman
|
0-0: Called Strike 0-1: Ball 1-1: Called Strike 1-2: Ball 2-2: Ground out U3 (Groundball, 3, EV 103.1 MPH)
|
| Top of the 4th over - 0 runs, 1 hit, 0 errors, 1 left on base; Peoria 6 - Hartford 0 |
| BOTTOM OF THE 4TH |
|
Hartford Yard Goats batting - Pitching for Peoria Chiefs : RHP Arnaldo Cardamenho
|
|
Batting: LHB Harry Folsom
|
0-0: Ball 1-0: Ball 2-0: Ball 3-0: Called Strike 3-1: Called Strike 3-2: Foul Ball, location: 2F 3-2: Base on Balls
|
|
Batting: LHB Jason Ryan
|
0-0: Fly out, F7 (Flyball, 78S, EV 96.2 MPH)
|
|
Batting: SHB Brad Madden
|
0-0: Ball 1-0: Ball 2-0: Swinging Strike 2-1: Ground out 4-3 (Groundball, 13, EV 91.2 MPH) Harry Folsom to second
|
|
Batting: RHB Manny Thompson
|
0-0: Called Strike 0-1: Ball 1-1: Swinging Strike 1-2: Strikes out swinging
|
| Bottom of the 4th over - 0 runs, 0 hits, 0 errors, 1 left on base; Peoria 6 - Hartford 0 |
| TOP OF THE 5TH |
|
Peoria Chiefs batting - Pitching for Hartford Yard Goats : RHP Jerry Dunne
|
|
Batting: RHB Tim Jobe
|
0-0: Ball 1-0: SINGLE (Line Drive, 9S, EV 95.0 MPH)
|
|
Batting: RHB Roberto Ruiz
|
0-0: Called Strike 0-1: Called Strike 0-2: Grounds into double play, 6-4-3 (Groundball, 6M, EV 86.9 MPH)
|
|
Batting: RHB Edgar Landim
|
0-0: Ball 1-0: Foul Ball, location: 2F 1-1: Ground out 3-1 (Groundball, 13, EV 81.9 MPH)
|
| Top of the 5th over - 0 runs, 1 hit, 0 errors, 0 left on base; Peoria 6 - Hartford 0 |
| BOTTOM OF THE 5TH |
|
Hartford Yard Goats batting - Pitching for Peoria Chiefs : RHP Arnaldo Cardamenho
|
|
Batting: RHB Josh Lofgreen
|
0-0: Called Strike 0-1: Ball 1-1: Foul Ball, location: 2F 1-2: Foul Ball, location: 2F 1-2: Foul Ball, location: 2F 1-2: Foul Ball, location: 2F 1-2: Ball 2-2: Strikes out looking
|
|
Batting: RHB Carlos de Jesus
|
0-0: Ball 1-0: Ball 2-0: Ball 3-0: Called Strike 3-1: Foul Ball, location: 2F 3-2: Ground out 6-3 (Groundball, 6, EV 104.4 MPH)
|
|
Batting: RHB Willie Benito
|
0-0: Ball 1-0: Ball 2-0: Ball 3-0: Base on Balls
|
|
Batting: RHB Ray Insley
|
0-0: Fly out, F7 (Flyball, 7D, EV 101.2 MPH)
|
| Bottom of the 5th over - 0 runs, 0 hits, 0 errors, 1 left on base; Peoria 6 - Hartford 0 |
| TOP OF THE 6TH |
|
Peoria Chiefs batting - Pitching for Hartford Yard Goats : RHP Jerry Dunne
|
|
Batting: RHB Kyle Burns
|
0-0: Foul Ball, location: 2F 0-1: Ball 1-1: Called Strike 1-2: Strikes out looking
|
|
Batting: RHB Chris Rouleau
|
0-0: Ground out 5-3 (Groundball, 56S, EV 91.2 MPH)
|
|
Batting: RHB Tommy Tracy
|
0-0: Ball 1-0: Ball 2-0: Foul Ball, location: 2F 2-1: Ball 3-1: Called Strike 3-2: Foul Ball, location: 2F 3-2: Fly out, F9 (Flyball, 89M, EV 74.4 MPH)
|
| Top of the 6th over - 0 runs, 0 hits, 0 errors, 0 left on base; Peoria 6 - Hartford 0 |
| BOTTOM OF THE 6TH |
|
Hartford Yard Goats batting - Pitching for Peoria Chiefs : RHP Arnaldo Cardamenho
|
|
Batting: RHB Doug D'Onofrio
|
0-0: Ball 1-0: Foul Ball, location: 2F 1-1: Foul Ball, location: 2F 1-2: Strikes out looking
|
|
Batting: LHB Harry Folsom
|
0-0: Ball 1-0: Foul Ball, location: 2F 1-1: Ball 2-1: Foul Ball, location: 2F 2-2: SINGLE (Groundball, 3D, EV 101.9 MPH)
|
|
Batting: LHB Jason Ryan
|
0-0: Ball 1-0: Ball 2-0: Ball 3-0: Called Strike 3-1: Foul Ball, location: 2F 3-2: SINGLE (Flyball, 3D, EV 94.4 MPH) Harry Folsom to second
|
|
Batting: SHB Brad Madden
|
0-0: Called Strike 0-1: Ball 1-1: Swinging Strike 1-2: Strikes out swinging
|
|
Batting: RHB Manny Thompson
|
0-0: Called Strike 0-1: Ball 1-1: Foul Ball, location: 2F 1-2: Strikes out looking
|
| Bottom of the 6th over - 0 runs, 2 hits, 0 errors, 2 left on base; Peoria 6 - Hartford 0 |
| TOP OF THE 7TH |
|
Peoria Chiefs batting - Pitching for Hartford Yard Goats : RHP Jerry Dunne
|
|
Pitching: RHP Wilson Mendez
|
|
|
Batting: RHB Bobby Miles
|
0-0: Ball 1-0: Called Strike 1-1: Foul Ball, location: 2F 1-2: Foul Ball, location: 2F 1-2: DOUBLE (Line Drive, 78D, EV 104.4 MPH)
|
|
Batting: RHB Sam Daw
|
0-0: Fly out, F7 (Flyball, 78S, EV 88.1 MPH)
|
|
Batting: RHB Robby Hickman
|
0-0: Called Strike 0-1: SINGLE (Line Drive, 8RS, EV 111.9 MPH) Bobby Miles to third Runner from 3rd tries for Home, throw by CF and OUT! 8-2 Robby Hickman to second
|
|
Batting: RHB Tim Jobe
|
0-0: Ball 1-0: Foul Ball, location: 2F 1-1: Ground out 5-3 (Groundball, 56S, EV 83.8 MPH)
|
| Top of the 7th over - 0 runs, 2 hits, 0 errors, 1 left on base; Peoria 6 - Hartford 0 |
| BOTTOM OF THE 7TH |
|
Hartford Yard Goats batting - Pitching for Peoria Chiefs : RHP Arnaldo Cardamenho
|
|
Batting: RHB Josh Lofgreen
|
0-0: Ball 1-0: Ball 2-0: Ground out 5-3 (Groundball, 56, EV 81.2 MPH)
|
|
Batting: RHB Carlos de Jesus
|
0-0: Ball 1-0: Called Strike 1-1: Fly out, F9 (Flyball, 9D, EV 95.6 MPH)
|
|
Batting: RHB Willie Benito
|
0-0: Swinging Strike 0-1: Ground out 3-1 (Groundball, 13, EV 86.9 MPH)
|
| Bottom of the 7th over - 0 runs, 0 hits, 0 errors, 0 left on base; Peoria 6 - Hartford 0 |
| TOP OF THE 8TH |
|
Peoria Chiefs batting - Pitching for Hartford Yard Goats : RHP Wilson Mendez
|
|
Batting: RHB Roberto Ruiz
|
0-0: Ball 1-0: Foul Ball, location: 2F 1-1: Ball 2-1: Ground out 6-3 (Groundball, 6, EV 85.6 MPH)
|
|
Batting: RHB Edgar Landim
|
0-0: SOLO HOME RUN (Flyball, 7D, EV 94.4 MPH), Distance : 374 ft
|
|
Batting: RHB Kyle Burns
|
0-0: Called Strike 0-1: Foul Ball, location: 2F 0-2: Ball 1-2: Strikes out swinging
|
|
Batting: RHB Chris Rouleau
|
0-0: Called Strike 0-1: Fly out, F9 (Flyball, 9, EV 95.0 MPH)
|
| Top of the 8th over - 1 run, 1 hit, 0 errors, 0 left on base; Peoria 7 - Hartford 0 |
| BOTTOM OF THE 8TH |
|
Hartford Yard Goats batting - Pitching for Peoria Chiefs : RHP Arnaldo Cardamenho
|
|
Batting: RHB Ray Insley
|
0-0: Foul Ball, location: 2F 0-1: Foul Ball, location: 2F 0-2: Strikes out swinging
|
|
Batting: RHB Doug D'Onofrio
|
0-0: Called Strike 0-1: Ball 1-1: Ball 2-1: Called Strike 2-2: DOUBLE (Flyball, 8LXD, EV 98.8 MPH)
|
|
Pitching: RHP Alex Apolinar
|
|
|
Batting: LHB Harry Folsom
|
0-0: Ball 1-0: Called Strike 1-1: Foul Ball, location: 2F 1-2: Foul Ball, location: 2F 1-2: DOUBLE (Line Drive, 7LM, EV 100.0 MPH) Doug D'Onofrio scores
|
|
Batting: LHB Jason Ryan
|
0-0: Ball 1-0: Foul Ball, location: 2F 1-1: Ball 2-1: Ball 3-1: Reached via error on a dropped throw from 2B, E3 (Groundball, 4D, EV 101.2 MPH) Harry Folsom to third
|
|
Batting: SHB Brad Madden
|
0-0: Ball 1-0: SINGLE (Groundball, 34, EV 102.5 MPH) Harry Folsom scores Jason Ryan to second
|
|
Batting: RHB Manny Thompson
|
0-0: Ball 1-0: Foul Ball, location: 2F 1-1: Called Strike 1-2: Strikes out looking
|
|
Batting: RHB Josh Lofgreen
|
0-0: Ball 1-0: Ball 2-0: Ball 3-0: Base on Balls Jason Ryan to third Brad Madden to second
|
|
Batting: RHB Carlos de Jesus
|
0-0: Foul Ball, location: 2F 0-1: Called Strike 0-2: Ball 1-2: Foul Ball, location: 2F 1-2: SINGLE (Groundball, 6MD, EV 93.8 MPH) Jason Ryan scores Brad Madden to third Josh Lofgreen to second Runner from 3rd tries for Home, SAFE, throw by CF to home
|
|
Batting: RHB Willie Benito
|
0-0: Foul Ball, location: 2F 0-1: Ball 1-1: Ball 2-1: Ground out 5-3 (Groundball, 56, EV 106.2 MPH)
|
| Bottom of the 8th over - 4 runs, 4 hits, 1 error, 2 left on base; Peoria 7 - Hartford 4 |
| TOP OF THE 9TH |
|
Peoria Chiefs batting - Pitching for Hartford Yard Goats : RHP Wilson Mendez
|
|
Pitching: RHP Curt De Kock
|
|
|
Batting: RHB Tommy Tracy
|
0-0: Ball 1-0: Ball 2-0: Ball 3-0: Called Strike 3-1: Base on Balls
|
|
Batting: RHB Bobby Miles
|
0-0: Ball 1-0: Called Strike 1-1: Called Strike 1-2: Strikes out swinging
|
|
Batting: RHB Sam Daw
|
0-0: Ball 1-0: Called Strike 1-1: Ball 2-1: Grounds into double play, 5-4-3 (Groundball, 56S, EV 88.1 MPH)
|
| Top of the 9th over - 0 runs, 0 hits, 0 errors, 0 left on base; Peoria 7 - Hartford 4 |
| BOTTOM OF THE 9TH |
|
Hartford Yard Goats batting - Pitching for Peoria Chiefs : RHP Alex Apolinar
|
|
Pitching: RHP Derrick Easley
|
|
|
Batting: RHB Ray Insley
|
0-0: Ball 1-0: Ball 2-0: Foul Ball, location: 2F 2-1: Ground out 3-1 (Groundball, 34, EV 81.9 MPH)
|
|
Batting: RHB Doug D'Onofrio
|
0-0: SINGLE (Groundball, 6MD, EV 98.8 MPH)
|
|
Batting: LHB Harry Folsom
|
0-0: Swinging Strike 0-1: Ball 1-1: Ball 2-1: Ball 3-1: Foul Ball, location: 2F 3-2: Strikes out swinging Doug D'Onofrio is caught stealing 2nd base 2-6 Batter strikes out.
|
| Bottom of the 9th over - 0 runs, 1 hit, 0 errors, 0 left on base; Peoria 7 - Hartford 4 |
|